 Dungeon Crawl Stone Soup version 0.31-a0-366-ga77b45bd9b (webtiles) character file.

Game seed: 1235734555449686715

40659 MacCMillion the Spry (level 13, -3/79 HPs)
             Began as a Felid Summoner on July 27, 2023.
             Was an Initiate of Gozag.
             Slain by a water elemental (15 damage)
             ... led by a merfolk aquamancer
             ... on level 1 of the Shoals on July 28, 2023.
             The game lasted 01:50:41 (34208 turns).

MacCMillion the Spry (Felid Summoner)              Turns: 34208, Time: 01:50:42

Health: -3/79      AC:  9    Str: 11    XL:     13   Next: 75%
Magic:  20/28      EV: 21    Int: 25    God:    Gozag
Gold:   3694       SH:  0    Dex: 19    Spells: 8/32 levels left
                                        Lives:  0   Deaths: 2

rFire   . . .        (weapon unavailable)
rCold   . . .        (shield unavailable)
rNeg    . . .        (body armour unavailable)
rPois   .            (helmet unavailable)
rElec   .            (cloak unavailable)
rCorr   .            (gloves unavailable)
SInv    +            (boots unavailable)
Will    +++..        X - amulet of magic regeneration
Stlth   +++          V - ring "Voddamp" {Will+ Int+5}
HPRegen 0.33/turn    P - ring of willpower
MPRegen 0.61/turn

%: no passive effects
@: snake-form, studying Stealth
A: constrict, boosted hp, large, (claws 1), (fangs 3), see invisible, (speed 1),
(shaggy fur 3), (stealthy paws), no weapons or thrown items, no armour,
multi-lived
a: Begin Untransformation, Renounce Religion, Potion Petition, Call Merchant,
Bribe Branch


You were on level 1 of the Shoals.
You worshipped Gozag.
Gozag was most pleased with you.
You were an enormous anaconda.
You visited 5 branches of the dungeon, and saw 24 of its levels.
You also visited: Bailey.

You collected 7251 gold pieces.
You spent 1301 gold pieces at shops.
You paid 2256 gold pieces to Gozag.

Inventory:

Jewellery
 h - a ring of fire
 j - a ring of flight
 B - the amulet "Lytankie" {rC++ Regen+ Slay+4}
   (You found it on level 5 of the Dungeon)

   [amulet of regeneration]

   Slay:      It affects your accuracy & damage with ranged weapons and melee
   (+4).
   rC:        It greatly protects you from cold.
   Regen:     It increases your rate of health regeneration.
 D - an amulet of guardian spirit
 L - a ring of fire
 P - a ring of willpower (right hand)
 U - a +6 ring of strength
 V - the ring "Voddamp" (left hand) {Will+ Int+5}
   (You bought it in a shop on level 11 of the Dungeon)

   [ring of willpower]

   Int:       It affects your intelligence (+5).
   Will:      It increases your willpower.
 W - the ring "Caevven" {rPois Str+4 Stlth+}
   (You found it on level 12 of the Dungeon)

   [ring of poison resistance]

   Str:       It affects your strength (+4).
   rPois:     It protects you from poison.
   Stlth:     It makes you more stealthy.
 X - an amulet of magic regeneration (around neck)
Talismans
 M - a serpent talisman
 Q - a maw talisman
Wands
 A - a wand of polymorph (17)
 C - a wand of paralysis (25)
 E - a wand of mindburst (7)
 G - a wand of flame (35)
 I - a wand of light (12)
 N - a wand of iceblast (9)
 S - a wand of digging (3)
Scrolls
 a - a scroll of enchant weapon
 c - 8 scrolls of teleportation
 k - 2 scrolls of amnesia
 l - 7 scrolls of poison
 m - 4 scrolls of vulnerability
 n - 2 scrolls of brand weapon
 o - 3 scrolls of immolation
 t - 3 scrolls of noise
 w - 4 scrolls of fog
 y - 5 scrolls of enchant armour
 z - 3 scrolls of fear
 F - 4 scrolls of butterflies
 J - a scroll of silence {unknown}
 K - 3 scrolls of blinking
 O - 4 scrolls of revelation
 Y - a scroll of identify
Potions
 b - 9 potions of lignification
 d - 3 potions of heal wounds
 e - 2 potions of might
 f - a potion of invisibility
 g - 6 potions of attraction
 i - 6 potions of enlightenment
 p - 3 potions of resistance
 q - 3 potions of haste
 r - 6 potions of brilliance
 s - 4 potions of cancellation
 u - 10 potions of degeneration
 v - 9 potions of curing
 x - 3 potions of berserk rage
 H - 4 potions of mutation {unknown}
 T - 3 potions of ambrosia {unknown}
 Z - a potion of magic
Miscellaneous
 R - a lightning rod (4/4)


   Skills:
 - Level 13.6 Fighting
 - Level 17.7 Dodging
 - Level 6.0 Stealth
 - Level 10.0 Spellcasting
 - Level 5.0 Hexes
 - Level 13.1 Summonings
 - Level 10.0 Translocations
 - Level 5.0 Air Magic
 + Level 9.3 Shapeshifting


You had 8 spell levels left.
You knew the following spells:

 Your Spells              Type           Power      Damage    Failure   Level
a - Summon Small Mammal   Summ           100%       N/A       1%          1
b - Call Imp              Summ           100%       N/A       1%          2
c - Call Canine Familiar  Summ           67%        N/A       1%          3
d - Summon Guardian Gole  Hex/Summ       55%        N/A       1%          3
e - Summon Lightning Spi  Summ/Air       55%        N/A       1%          4
f - Summon Forest         Summ/Tloc      31%        N/A       1%          5
g - Summon Cactus Giant   Summ           33%        N/A       3%          6

Your spell library contained the following spells:

 Spells                   Type           Power      Damage    Failure   Level
 Apportation              Tloc           100%       N/A       1%          1
 Gell's Gravitas          Tloc           58%        N/A       1%          3
 Teleport Other           Tloc           58%        N/A       1%          3
 Vhi's Electric Charge    Tloc/Air       100%       N/A       1%          3
 Passage of Golubria      Tloc           58%        N/A       1%          4
 Ensorcelled Hibernation  Hex/Ice        50%        N/A       2%          2
 Summon Mana Viper        Hex/Summ       55%        N/A       3%          5
 Foxfire                  Conj/Fire      48%        2x1d6     4%          1
 Magic Dart               Conj           48%        1d5       4%          1
 Sandblast                Erth           24%        2d8       4%          1
 Passwall                 Tmut/Erth      10%        N/A       8%          2
 Sublimation of Blood     Necr           12%        N/A       8%          2
 Wereblood                Tmut           12%        N/A       8%          2
 Mephitic Cloud           Conj/Pois/Air  20%        N/A       8%          3
 Dispersal                Tloc           29%        N/A       12%         6
 Frozen Ramparts          Ice            24%        1d4       14%         3
 Stone Arrow              Conj/Erth      24%        3d8       14%         3
 Anguish                  Hex/Necr       12%        N/A       17%         4
 Silence                  Hex/Air        18%        N/A       17%         5
 Summon Hydra             Summ           33%        N/A       19%         7
 Petrify                  Tmut/Erth      12%        N/A       43%         4
 Arcjolt                  Conj/Air       12%        1d22      43%         5
 Metabolic Englaciation   Hex/Ice        12%        N/A       43%         5
 Alistair's Intoxication  Tmut/Pois      8%         N/A       80%         5
 Irradiate                Conj/Tmut      6%         3d13      80%         5
 Plasma Beam              Fire/Air       12%        2x1d23    95%         6
 Haunt                    Necr/Summ      22%        N/A       96%         7
 Starburst                Conj/Fire      6%         6d4       100%        6
 Infestation              Necr           6%         N/A       100%        8
 Lehudib's Crystal Spear  Conj/Erth      6%         10d3      100%        8
 Maxwell's Capacitive Co  Air            18%        ∞         100%        8
 Animate Dead             Necr           Unusable   N/A       N/A         4

Dungeon Overview and Level Annotations

Branches:
Dungeon (15/15)            Temple (1/1) D:6            Lair (5/5) D:11
 Shoals (1/4) Lair:2       Spider (0/4) Lair:3        Slime (0/5) Lair:5
    Orc (2/2) D:12            Elf (0/3) Orc:2        Vaults (0/5) D:13
 Depths (0/4) D:15         Bailey (visited)

Altars:
Ashenzari
Cheibriados
Dithmenos
Elyvilon
Fedhas
Gozag
Hepliaklqana
Kikubaaqudgha
Makhleb
Nemelex Xobeh
Okawaru
Qazlal
Ru
Sif Muna
Trog
Uskayaw
Vehumet
Wu Jian
Xom
Yredelemnul
Zin
The Shining One
Jiyva

Shops:
D:10 =   D:11 !=:   D:13 (   Orc:2 =*?:*[

Annotations:
D:5 Eustachio
D:8 exclusion: 2 oklob saplings
D:9 exclusions: wolf and 1 more exclusion
D:14 exclusion: door, Nessos
D:15 exclusions: centaur warrior and 2 yaktaurs
Lair:4 Urug


Innate Abilities, Weirdness & Mutations

You are an enormous anaconda.
You have a powerful constriction melee attack.
Your maximum health is increased.
((You have sharp claws.))
((You have razor-sharp teeth.))
You have supernaturally acute eyesight. (SInv)
((You cover ground quickly. (Speed+)))
((Your thick and shaggy fur keeps you warm. (AC +3, rC+)))
((Your paws help you pounce on unaware monsters.))
You are incapable of wielding weapons or throwing items.
You cannot wear armour.
You gain extra lives every three experience levels.


Message History

A merfolk aquamancer comes into view.
It is wielding a +1 rapier of protection.
A merfolk aquamancer is nearby!
You start resting.
A merfolk aquamancer is nearby!
Casting: Summon Cactus Giant (dangerous; 3% risk of failure)
Confirm with . or Enter, or press ? or * to list all spells.
The merfolk aquamancer shouts!
Casting: Summon Cactus Giant (dangerous; 3% risk of failure)
Confirm with . or Enter, or press ? or * to list all spells.
The merfolk aquamancer hits you with a +1 rapier of protection!
You hit the merfolk aquamancer. You grab the merfolk aquamancer.
The merfolk aquamancer is lightly wounded.
You constrict the merfolk aquamancer, but do no damage.
A water elemental comes into view.
The merfolk aquamancer barely misses you.
Your warg bites the merfolk aquamancer.
Your cactus giant hits the merfolk aquamancer with a +0 giant spiked club!
You release your grip on the merfolk aquamancer.
The merfolk aquamancer misses your warg.
Your warg bites the merfolk aquamancer.
The water elemental hits your warg!!
The water elemental engulfs your warg in water!
Your warg is asphyxiated!
Your warg barely misses the merfolk aquamancer.
The merfolk aquamancer hits your warg with a +1 rapier of protection.
A water elemental comes into view.
The water elemental hits your warg!
Your warg dies!
Your warg's corpse disappears in a puff of smoke!
Casting: Call Canine Familiar (safe; 1% risk of failure)
Confirm with . or Enter, or press ? or * to list all spells.
The merfolk aquamancer casts a spell at you.
The ball of steam hits you!!
* * * LOW HITPOINT WARNING * * *
The ball of steam hits your wolf!
Your cactus giant hits the merfolk aquamancer with a +0 giant spiked club!!
Your wolf is engulfed in a cloud of scalding steam.
The water elemental attacks as you move away!
The water elemental hits you!
You die...
Your body crumbles into a pile of gold.

~~~~~~~~~~~~~.
.~~..~~~~~~.~ $
.~.~~~~~~~~~
~~~~~~~~~~~
.~~~~~~~..
.~≈≈≈≈~..
~~≈≈§~..###
~~≈§≈~$S#.##
~≈≈≈≈~h§E.E#
≈≈≈≈§§~~~Cm.~~~~~~
≈≈≈≈≈≈~~~~~~~~~~~.
≈≈≈≈≈≈≈~~~~~~~~~~~
≈≈≈≈≈≈≈≈≈≈≈≈≈≈≈~~~
≈≈≈≈≈≈≈≈≈≈≈≈≈≈≈≈≈≈
≈≈≈≈≈≈≈≈≈≈≈≈≈≈≈≈≈≈
≈≈≈≈≈≈≈≈≈≈≈≈≈≈≈≈≈


You could see a merfolk aquamancer (ally target), 2 water elementals, a friendly
cactus giant (summoned) and a friendly wolf (summoned).

Vanquished Creatures
  A two-headed ogre (Orc:2)
  A black mamba (Lair:3)
  A raiju (Lair:5)
  A water elemental (Shoals:1)
  A water moccasin (D:9)
  A black bear (Lair:5)
  3 killer bees (D:13)
  2 howler monkeys (D:7)
  2 electric eels (D:12)
  A hound (D:5)
  An orc wizard (Orc:1)
  3 orcs
  A giant cockroach (D:1)
  A jackal (D:4)
  A bat (D:2)
  A butterfly (Lair:2)
22 creatures vanquished.

Vanquished Creatures (collateral kills)
  Rupert (Lair:5)
  An orc warlord (Orc:2)
  A stone giant (D:15)
  An ironbound preserver (D:13)
  An ettin (D:13)
  Harold (Orc:1)
  4 hydras
  A death knight (D:13)
  Erica (D:10)
  3 boulder beetles
  4 ogre magi (Orc:2)
  4 centaur warriors
  3 death yaks (Lair:5)
  2 tengu warriors (D:15)
  15 two-headed ogres
  Sonja (Lair:1)
  A skyshark (Lair:4)
  The ghost of Iramy the Thaumaturge, a novice DECj of the Shining One (Lair:3)
  A fire crab (Lair:5)
  An orc knight (D:15)
  3 deep elf pyromancers (D:13)
  A deep elf zephyrmancer (Bailey)
  2 orc sorcerers
  14 ugly things
  4 cyclopes
  A salamander (shapeshifter) (D:13)
  4 elephants (Lair:4)
  3 manticores
  4 black mambas (Lair:5)
  8 cane toads
  3 gargoyles
  A rime drake (shapeshifter) (D:14)
  2 unseen horrors
  2 rime drakes (Lair:2)
  2 efreet (D:14)
  7 komodo dragons
  A tengu conjurer (D:13)
  2 kobold demonologists
  A queen bee (D:13)
  4 trolls
  3 meliai (D:13)
  A wind drake (Lair:2)
  Prince Ribbit (D:9)
  8 polar bears
  5 blink frogs (Lair:5)
  2 raiju (Lair:5)
  A wolf spider simulacrum (D:15)
  A raiju (shapeshifter) (D:13)
  18 dream sheep
  A spectral black mamba (Lair:3)
  8 slime creatures (D:13)
  A shadow (D:11)
  27 yaks
  3 wraiths
  6 wyverns
  A spectral komodo dragon (Lair:3)
  A human (D:10)
  2 steam dragons
  5 vampire mosquitoes (D:13)
  6 basilisks
  Menkaure (D:4)
  2 acid dragons
  A spectral cane toad (Lair:3)
  5 wargs
  16 water moccasins
  7 black bears
  12 hell hounds (Lair:5)
  A boulder beetle simulacrum (Lair:3)
  2 ice beasts
  16 orc warriors
  4 centaurs
  29 ogres
  11 wolves (Lair:5)
  2 lemures (D:9)
  11 bullfrogs
  2 gnoll sergeants
  A kobold brigand (D:8)
  A necrophage (D:10)
  3 wights (D:7)
  6 scorpions
  An elephant simulacrum (Lair:3)
  37 killer bees
  2 howler monkeys
  4 hounds
  5 jellies
  14 orc priests
  A sleepcap (D:3)
  7 iguanas
  24 orc wizards
  5 hell rats (Lair:1)
  2 nameless horrors
  5 gnolls
  17 adders
  2 shadow imps
  A white imp (D:8)
  5 worms
  2 dart slugs
  63 orcs
  5 bats
  12 endoplasms
  6 giant cockroaches
  11 goblins
  7 hobgoblins
  6 jackals
  5 quokkas
  14 ball pythons
  3 frilled lizards
  5 kobolds
  5 rats
  2 butterflies (Lair:2)
629 creatures vanquished.

Vanquished Creatures (others)
  Gastronok (D:10)
  A hydra (Lair:3)
  A two-headed ogre (Orc:2)
  A skyshark (Lair:5)
  An orc knight (Bailey)
  Pikel (D:9)
  An ugly thing (D:12)
  A manticore (D:8)
  An elephant (Lair:4)
  2 black mambas
  Joseph (D:9)
  A cane toad (Lair:4)
  4 komodo dragons
  A troll (Orc:1)
  A merfolk (D:10)
  A hornet (D:8)
  3 polar bears (Lair:5)
  A dream sheep (Lair:5)
  14 yaks
  3 wargs (Lair:5)
  Edmund (D:4)
  A spectral cane toad (Lair:3)
  A water moccasin (Lair:5)
  A hydra simulacrum (Lair:3)
  An acid dragon (D:11)
  4 black bears (Lair:5)
  4 orc warriors
  2 wolves (Lair:5)
  2 centaurs (D:12)
  A wight (D:7)
  2 killer bees (D:7)
  A dream sheep simulacrum (Lair:3)
  A hell rat (Lair:1)
  An orc (D:7)
  5 snaplasher vines
69 creatures vanquished.

Grand Total: 720 creatures vanquished

Notes
Turn   | Place    | Note
-------+----------+-------------------------------------------
     0 | D:1      | MacCMillion the Felid Summoner began the quest for the Orb.
     0 | D:1      | Reached XP level 1. HP: 7/7 MP: 4/4
   308 | D:1      | Reached XP level 2. HP: 11/11 MP: 6/6
   848 | D:1      | Learned a level 2 spell: Call Imp
   931 | D:2      | Reached XP level 3. HP: 14/14 MP: 1/7
  1176 | D:2      | Learned a level 3 spell: Call Canine Familiar
  1337 | D:2      | Reached skill level 5 in Summonings
  1563 | D:2      | Reached XP level 4. HP: 18/18 MP: 4/9
  2507 | D:3      | Found a faded altar of an unknown god.
  2710 | D:3      | Reached XP level 5. HP: 21/21 MP: 5/10
  2715 | D:3      | Learned a level 3 spell: Summon Guardian Golem
  2994 | D:3      | Reached skill level 3 in Dodging
  3058 | D:3      | Reached skill level 1 in Hexes
  3195 | D:4      | Reached skill level 1 in Fighting
  3195 | D:4      | Gained mutation: You are covered in thick fur. (AC +2)
                  | [Felid growth]
  3195 | D:4      | Reached XP level 6. HP: 4/25 MP: 6/12
  3454 | D:4      | Noticed Menkaure
  4101 | D:4      | Noticed Edmund
  4127 | D:4      | Killed Edmund
  4128 | D:4      | Reached skill level 4 in Dodging
  4128 | D:4      | Reached XP level 7. HP: 30/30 MP: 5/13
  4306 | D:4      | Found an iron altar of Okawaru.
  4344 | D:4      | Found a bloodstained altar of Trog.
  4442 | D:4      | Killed Menkaure
  4964 | D:5      | Entered Level 5 of the Dungeon
  5106 | D:5      | Reached skill level 5 in Dodging
  5337 | D:5      | Noticed Eustachio
  5695 | D:5      | Identified the amulet "Lytankie" {rC++ Regen+ Slay+4}
  5891 | D:5      | Reached XP level 8. HP: 34/34 MP: 9/15
  5989 | D:5      | Reached skill level 5 in Hexes
  6285 | D:6      | Learned a level 4 spell: Summon Lightning Spire
  6639 | D:6      | Reached skill level 6 in Dodging
  6639 | D:6      | Reached skill level 1 in Air Magic
  7000 | D:6      | Found a staircase to the Ecumenical Temple.
  7020 | Temple   | Entered the Ecumenical Temple
  7025 | Temple   | Became a worshipper of Gozag Ym Sagoz the Greedy
  7460 | D:7      | Reached skill level 5 in Spellcasting
  7862 | D:7      | Reached XP level 9. HP: 39/39 MP: 11/17
  8036 | D:7      | Found a glowing golden altar of the Shining One.
  8120 | D:7      | Upgraded the game from 0.31-a0-361-g0f8bd3a31e to
                  | 0.31-a0-366-ga77b45bd9b
  8225 | D:7      | Reached skill level 7 in Dodging
  8753 | D:7      | Found a glowing golden altar of the Shining One.
  9351 | D:8      | Reached skill level 5 in Fighting
  9534 | D:8      | Noticed a manticore
  9549 | D:8      | Killed a manticore
  9672 | D:8      | Identified the +6 sling "Kanaqo Ugei" {flame, rPois Str+2}
  9807 | D:8      | Reached skill level 8 in Dodging
 10093 | D:8      | Reached XP level 10. HP: 37/45 MP: 13/20
 10471 | D:9      | Noticed Joseph
 10492 | D:9      | Killed Joseph
 10592 | D:9      | Noticed Prince Ribbit
 10598 | D:9      | Killed Prince Ribbit
 10839 | D:9      | Found a flagged portal.
 10853 | Bailey   | Entered a bailey
 11002 | Bailey   | Noticed an orc knight
 11026 | Bailey   | Killed an orc knight
 11027 | Bailey   | Reached skill level 9 in Dodging
 11027 | Bailey   | Reached skill level 10 in Summonings
 11124 | Bailey   | Found a large runed translucent door.
 11124 | Bailey   | Found a large runed translucent door.
 11125 | Bailey   | Noticed a deep elf zephyrmancer
 11322 | Bailey   | Killed a deep elf zephyrmancer
 12030 | D:9      | Noticed Pikel
 12073 | D:9      | Killed Pikel
 12074 | D:9      | Reached skill level 5 in Air Magic
 12432 | D:9      | Reached XP level 11. HP: 49/49 MP: 14/22
 12507 | D:9      | Reached skill level 10 in Dodging
 13185 | D:10     | Entered Level 10 of the Dungeon
 13186 | D:10     | Found the +2 Maxwell's thermic engine {flame, freeze, rev}
 13427 | D:10     | Found Bochoummy's Jewellery Emporium.
 13434 | D:10     | Noticed Gastronok
 13453 | D:10     | Noticed Erica
 13468 | D:10     | Killed Erica
 14124 | D:10     | Killed Gastronok
 14125 | D:10     | Reached skill level 11 in Dodging
 14906 | D:11     | Found a staircase to the Lair.
 15642 | Lair:1   | Entered Level 1 of the Lair of Beasts
 15756 | Lair:1   | Noticed Sonja
 15778 | Lair:1   | Killed Sonja
 16068 | Lair:1   | Gained mutation: Your thick and shaggy fur keeps you warm.
                  | (AC +3, rC+) [Felid growth]
 16068 | Lair:1   | Reached XP level 12. HP: 56/56 MP: 14/25
 16234 | Lair:1   | Reached skill level 12 in Dodging
 17993 | Lair:2   | Found a staircase to the Shoals.
 18217 | Lair:2   | Noticed a boulder beetle
 18250 | Lair:2   | Killed a boulder beetle
 18344 | Lair:2   | You are sucked into a shaft and drop 1 floor!
 19043 | Lair:3   | Reached skill level 13 in Dodging
 19540 | Lair:3   | Reached skill level 10 in Fighting
 19753 | D:11     | Bought a book of the Wilderness for 494 gold pieces
 19761 | D:11     | Learned a level 5 spell: Summon Forest
 19820 | Lair:3   | Reached skill level 1 in Translocations
 20051 | Lair:3   | Noticed a seven-headed hydra
 20053 | Lair:3   | Reached skill level 10 in Spellcasting
 20064 | Lair:3   | Killed a seven-headed hydra
 20065 | Lair:3   | Reached XP level 13. HP: 61/61 MP: 12/28
 20234 | Lair:3   | Found a hole to the Spider Nest.
 20310 | Lair:3   | Found a runed translucent gate.
 20310 | Lair:3   | Found a runed translucent gate.
 20310 | Lair:3   | Found a runed translucent gate.
 20315 | Lair:3   | Noticed Iramy's ghost (novice DECj)
 20744 | Lair:3   | Killed Iramy's ghost
 20760 | Lair:3   | Reached skill level 14 in Dodging
 20767 | Lair:3   | Reached skill level 5 in Translocations
 21396 | Lair:4   | Reached skill level 5 in Stealth
 21469 | Lair:4   | Noticed Urug
 21664 | Lair:4   | Found a snail-covered altar of Cheibriados.
 21989 | Lair:5   | Entered Level 5 of the Lair of Beasts
 22355 | Lair:5   | Noticed Rupert
 22540 | Lair:5   | Killed Rupert
 23331 | Lair:5   | Found a viscous altar of Jiyva.
 23338 | Lair:5   | Found a staircase to the Slime Pits.
 23395 | Lair:5   | Found a hide-covered altar of Uskayaw.
 23626 | Lair:5   | Reached skill level 10 in Translocations
 23638 | Lair:5   | Reached skill level 15 in Dodging
 23851 | Lair:5   | Reached XP level 14. HP: 67/67 MP: 14/29
 24939 | Lair:5   | Learned a level 6 spell: Summon Cactus Giant
 25033 | D:11     | Bought the ring "Voddamp" {Will+ Int+5} for 807 gold pieces
 25438 | D:12     | Identified the ring "Caevven" {rPois Str+4 Stlth+}
 25555 | D:12     | Found a staircase to the Orcish Mines.
 26698 | Orc:1    | Entered Level 1 of the Orcish Mines
 26718 | Orc:1    | Noticed Harold
 26726 | Orc:1    | Killed Harold
 26727 | Orc:1    | Reached skill level 16 in Dodging
 27098 | Orc:2    | Entered Level 2 of the Orcish Mines
 27098 | Orc:2    | Noticed an orc warlord
 27156 | Orc:2    | Found Oxur's Overcharged Wands.
 27354 | Orc:2    | Killed an orc warlord
 27431 | Orc:2    | Reached skill level 17 in Dodging
 28112 | Orc:2    | Found a staircase to the Elven Halls.
 28194 | Orc:2    | Found Saeczil's Jewellery Shoppe.
 28359 | Orc:2    | Found Kinan's General Store.
 28359 | Orc:2    | Found Xoexkem's Magic Scroll Shop.
 28360 | Orc:2    | Found Timoik's Antique Armour Boutique.
 28360 | Orc:2    | Found Myran's Book Shoppe.
 29015 | D:13     | HP: 2/70 [centaur warrior/arrow (30)]
 29020 | D:13     | Reached skill level 1 in Shapeshifting
 29020 | D:13     | Reached XP level 15. HP: 31/74 MP: 18/30
 29654 | D:13     | Found Qynefa's Antique Weapon Emporium.
 29807 | D:13     | Reached skill level 5 in Shapeshifting
 30066 | D:13     | Found a gate to the Vaults.
 30177 | D:13     | Noticed a tengu reaver
 32023 | D:14     | Noticed Nessos
 32244 | D:14     | Slain by a centaur warrior
 32245 | D:14     | Reached XP level 14. HP: -3/70 MP: 25/29
 32572 | D:15     | Entered Level 15 of the Dungeon
 33772 | D:15     | Found a staircase to the Depths.
 33772 | D:15     | Noticed a stone giant
 33789 | D:15     | Killed a stone giant
 34162 | Shoals:1 | Entered Level 1 of the Shoals
 34166 | Shoals:1 | Hit by a javelin thrown by a merfolk javelineer
 34167 | Shoals:1 | Reached XP level 13. HP: -5/79 MP: 25/28
 34208 | Shoals:1 | Slain by a water elemental

Illustrated notes

Levels and vault maps discovered:
D:1:      erik_arrival_triangle_medium, layout_loops_cross
D:2:      layout_loops_ring, minmay_randomly_rotated_circles
D:3:      minmay_chambers_of_threes, layout_loops_cross,
          chequers_ecumenical_altar_simple, glass_columns_a
D:4:      layout_rooms, mainiacjoe_overflow_two_lobes, minmay_fractal_squares_5,
          uniq_menkaure, uniq_edmund
D:5:      layout_cave_pods, uniq_eustachio
D:6:      layout_basic, minmay_temple_entry_proselytizer, nicolae_the_louvre
D:7:      layout_basic, nicolae_tso_swordbearing_angel
D:8:      layout_gridville, introduction_to_nature_1
D:9:      layout_basic, enter_bailey_7, nicolae_wwwww, uniq_joseph, uniq_pikel,
          uniq_prince_ribbit1
D:10:     layout_cave_pools, serial_shops, shop_statue, hangedman_stone_soup,
          minmay_diced_spiral, uniq_erica, uniq_gastronok
D:11:     layout_roguey, lair_entry_dummy
D:12:     layout_basic, orc_0_dummy
D:13:     regret_index_bee_streams, layout_loops_ring,
          skrybe_vaults_entry_preservation, serial_shops, shop,
          grunt_ministairs_6, nicolae_fountain_basement
D:14:     layout_irregular_city, dreamdust_princess_corridor, uniq_nessos
D:15:     grunt_enter_depths_snipers, layout_irregular_city
Temple:   hellmonk_temple_of_storms
Lair:1:   layout_long_grid, uniq_sonja
Lair:2:   layout_cave_pods, minmay_shoals_entry_beasts, nzn_sisyphean_effort,
          lemuel_fruit_fields, serial_bayou_shore_b
Lair:3:   layout_gridlike, spider_nest_entry_web_field,
          gammafunk_ghost_necromancy, serial_bayou_pond_a
Lair:4:   layout_misc_corridors, basic_altar, uniq_urug
Lair:5:   hangedman_lair_caniforms_friends, layout_loops_ring,
          nicolae_slime_entry_field_trip, basic_altar, uniq_rupert
Shoals:1: layout_shoals, nicolae_shoals_siren_and_animal_friends
Orc:1:    layout_caves, basic_altar, abandoned_shop, uniq_harold
Orc:2:    st_orc_ogre_mass, layout_caves, serial_shops, shop, enter_volcano_2,
          nicolae_shop_overcharged_wands

Skill      XL: |  1  2  3  4  5  6  7  8  9 10 11 12 13 14 15 |
---------------+----------------------------------------------+-----
Summonings     | 5 6 7 9 10 11 12 13 | 13.1
Spellcasting   | 3 4 5 6 7 8 10 | 10.0
Dodging        | 3 4 5 6 8 9 11 13 15 17 | 17.7
Hexes          | 1 3 4 5 |  5.0
Fighting       | 1 2 3 4 5 6 8 10 11 13 | 13.6
Air Magic      | 2 3 5 |  5.0
Translocations | 3 10 | 10.0
Stealth        | 6 |  6.0
Shapeshifting  | 9 8 |  9.3

Action                     |  1- 3 |  4- 6 |  7- 9 | 10-12 | 13-15 || total
---------------------------+-------+-------+-------+-------+-------++-------
  Melee: Unarmed           |     5 |     8 |    23 |    18 |   131 ||   185
         Bite              |     1 |     1 |     5 |     2 |    13 ||    22
         Punch             |       |       |       |     1 |     2 ||     3
         Constrict         |       |       |       |       |     3 ||     3
   Cast: Summon Small Mamm |    42 |     2 |       |       |       ||    44
         Call Imp          |     6 |    23 |    44 |     8 |       ||    81
         Call Canine Famil |     5 |    32 |    67 |    72 |    96 ||   272
         Summon Guardian G |       |     1 |    19 |    58 |    66 ||   144
         Summon Lightning  |       |       |       |    82 |   114 ||   196
         Summon Forest     |       |       |       |       |    23 ||    23
         Summon Cactus Gia |       |       |       |       |    61 ||    61
 Invoke: Call Merchant     |       |       |       |     1 |     2 ||     3
  Evoke: Wand              |       |       |       |       |     5 ||     5
    Use: Scroll            |       |       |       |    21 |     7 ||    28
         Potion            |       |       |       |     1 |     4 ||     5
   Stab: Distracted        |       |       |       |     1 |     2 ||     3
 Armour: Skin              |       |     3 |     1 |     4 |    25 ||    33
  Dodge: Dodged            |    16 |    33 |   103 |    59 |   409 ||   620
   Form: Anaconda          |       |       |       |       |     1 ||     1
         Maw               |       |       |       |       |     1 ||     1

Table legend: (Time is in decaauts)
 A = Elapsed time spent in this place.
 B = Non-inter-level travel time spent in this place.
 C = Inter-level travel time spent in this place.
 D = Time resting spent in this place.
 E = Time spent auto-exploring this place.
 F = Levels seen in this place.
 G = Mean time per level.
                   A        B        C        D        E       F      G
               +--------+--------+--------+--------+--------+-----+--------+
         Total |  30466 |  29246 |   1220 |   9941 |  12084 |  25 | 1218.6 |
       Dungeon |  19464 |  18659 |    805 |   5663 |   8356 |  15 | 1297.6 |
        Temple |      9 |      9 |      0 |      0 |      0 |   1 |    9.0 |
          Lair |   8465 |   8121 |    344 |   3330 |   2971 |   5 | 1693.0 |
        Shoals |     45 |     45 |      0 |     21 |      0 |   1 |   45.0 |
  Orcish Mines |   1991 |   1921 |     70 |    729 |    708 |   2 |  995.5 |
        Bailey |    490 |    490 |      0 |    197 |     47 |   1 |  490.0 |
               +--------+--------+--------+--------+--------+-----+--------+

Top non-repeatable levels by time:
  Lair:5: 2530 daAuts
    D:13: 2081 daAuts
  Lair:1: 1962 daAuts
     D:9: 1884 daAuts
    D:12: 1575 daAuts
  Lair:2: 1454 daAuts
     D:4: 1454 daAuts
     D:3: 1426 daAuts
  Lair:3: 1407 daAuts
    D:15: 1338 daAuts
    D:10: 1336 daAuts
     D:7: 1285 daAuts
     D:8: 1277 daAuts
   Orc:2: 1191 daAuts
     D:6: 1157 daAuts
